 Dungeon Crawl Stone Soup version 0.28.0-53-g5a82cb258f (webtiles) character file.

Game seed: 8411042256124129177

241 SanguineChosen the Chopper (level 5, -1/48 HPs)
             Began as a Minotaur Berserker on Aug 7, 2022.
             Was a Believer of Trog.
             Slain by a black bear (4 damage)
             ... on level 4 of the Dungeon.
             The game lasted 00:09:52 (3055 turns).

SanguineChosen the Chopper (Minotaur Berserker)     Turns: 3055, Time: 00:09:53

Health: -1/48      AC:  4    Str: 24    XL:     5   Next: 80%
Magic:  4/4        EV: 12    Int:  4    God:    Trog [**....]
Gold:   136        SH:  0    Dex:  9    Spells: 4/4 levels left

rFire   . . .      SeeInvis .   a - +0 hand axe
rCold   . . .      Faith    .   (no shield)
rNeg    . . .      Spirit   .   c - +0 leather armour
rPois   .          Reflect  .   (helmet restricted)
rElec   .          Harm     .   (no cloak)
rCorr   .          Rampage  .   g - +0 pair of gloves
Will    ++...                   (no boots)
Stlth   +.........              (no amulet)
HPRegen 1.16/turn               (no ring)
MPRegen 0.09/turn               (no ring)

@: strong-willed, regenerating
A: horns 2, retaliatory headbutt
a: Renounce Religion, Berserk, Trog's Hand


You were on level 4 of the Dungeon.
You worshipped Trog.
Trog was pleased with you.
You visited 1 branch of the dungeon, and saw 4 of its levels.

You collected 136 gold pieces.

Inventory:

Hand Weapons
 a - a +0 hand axe (weapon)
Armour
 c - a +0 leather armour (worn)
 g - a +0 pair of gloves (worn)
Scrolls
 b - a scroll of silence {unknown}
 d - a scroll of fear
Potions
 e - a potion of might {unknown}


   Skills:
 + Level 5.0 Fighting
 + Level 6.1 Axes
 + Level 3.1 Armour
 + Level 3.4 Dodging


You had 4 spell levels left.
You didn't know any spells.
Your spell library was empty.

Dungeon Overview and Level Annotations

Branches:
Dungeon (4/15)
 Temple: D:4-7

Altars:
Nemelex Xobeh
Qazlal
Vehumet

Annotations:
D:4 Edmund


Innate Abilities, Weirdness & Mutations

You have a pair of horns on your head.
You reflexively headbutt those who attack you in melee.


Message History

Edmund shouts!
Your skin crawls.
You feel strong-willed. Edmund closely misses you.
You barely miss Edmund.
A black bear comes into view.
Edmund hits you with a +2 dire flail of protection!
You closely miss Edmund.
The black bear growls angrily.
Your headbutt misses Edmund.
Edmund gestures with his flail.
Edmund hits you with a +2 dire flail of protection!
You hit Edmund but do no damage.
Edmund hits you with a +2 dire flail of protection.
You barely miss Edmund. You headbutt Edmund!
Edmund is lightly wounded.
Edmund closely misses you.
You closely miss Edmund.
Edmund is lightly wounded.
Edmund hits you with a +2 dire flail of protection.
You hit Edmund but do no damage.
Edmund is lightly wounded.
Edmund barely misses you. You furiously retaliate!
You headbutt Edmund, but do no damage. You hit Edmund.
Edmund is lightly wounded.
A hound comes into view.
Edmund says, "Maybe I'll buy a title.
How does Count Edmund sound?"
Edmund hits you with a +2 dire flail of protection.
The black bear bites you. The black bear closely misses you.
The black bear completely misses you.
You hit Edmund but do no damage.
Edmund is lightly wounded.
You hit the black bear.
Edmund hits you with a +2 dire flail of protection!
* * * LOW HITPOINT WARNING * * *
The black bear bites you.
* * * LOW HITPOINT WARNING * * *
The black bear claws you.
You die...

...............#
.../...........#
.$.............##
...........###...##
...........#E#...#E
...........###...##
...................
.......h@......_....
........@...........
...........###...###
...........#E#...#E ....
...........###...###.....
.........................
.........................
.........................
.........................
#############............


You could see Edmund and a black bear.

Vanquished Creatures
  A necrophage (D:4)
  A centaur skeleton (D:4)
  An orc wizard (D:4)
  3 adders
  An adder skeleton (D:2)
  A dart slug (D:2)
  4 orcs (D:4)
  8 endoplasms
  2 giant cockroaches
  10 goblins
  8 hobgoblins
  2 jackals (D:4)
  A kobold (D:3)
  5 quokkas
  5 ball pythons
  4 bats
  A frilled lizard (D:3)
  7 rats
65 creatures vanquished.

Notes
Turn   | Place    | Note
-------+----------+-------------------------------------------
     0 | D:1      | SanguineChosen the Minotaur Berserker began the quest for
                  | the Orb.
     0 | D:1      | Reached XP level 1. HP: 19/19 MP: 0/0
   562 | D:1      | Reached XP level 2. HP: 27/27 MP: 1/1
   687 | D:1      | Reached skill level 4 in Axes
  1430 | D:2      | Reached XP level 3. HP: 33/33 MP: 2/2
  1988 | D:3      | Reached ** piety under Trog
  2141 | D:3      | Found a faded altar of an unknown god.
  2240 | D:3      | Reached XP level 4. HP: 41/41 MP: 3/3
  2246 | D:3      | Found a radiant altar of Vehumet.
  2295 | D:3      | Found a sparkling altar of Nemelex Xobeh.
  2753 | D:4      | Noticed a necrophage
  2783 | D:4      | Reached skill level 5 in Axes
  2783 | D:4      | Killed a necrophage
  2784 | D:4      | Reached XP level 5. HP: 22/47 MP: 4/4
  3000 | D:4      | Reached skill level 5 in Fighting
  3000 | D:4      | Reached skill level 6 in Axes
  3027 | D:4      | Found a stormy altar of Qazlal.
  3027 | D:4      | Noticed a water elemental
  3037 | D:4      | Noticed a fire elemental
  3037 | D:4      | Noticed an air elemental
  3039 | D:4      | Noticed Edmund
  3044 | D:4      | Noticed a black bear
  3055 | D:4      | Slain by a black bear

Illustrated notes

Levels and vault maps discovered:
D:1:      evilmike_arrival_hilbert_curve, layout_loops_ring
D:2:      layout_loops_cross, kennysheep_potato
D:3:      layout_basic, vehumet_crystals, mainiacjoe_overflow_24_doors,
          chequers_ecumenical_altar_island, minmay_misc_feat_doors
D:4:      layout_basic, tgw_xom, amcnicky_altar_gilded,
          nicolae_qazlal_style_of_elements, temple_statues, uniq_edmund

Skill      XL: |  1  2  3  4  5 |
---------------+----------------+-----
Axes           | 4 5 6 |  6.1
Fighting       | 4 5 |  5.0
Armour         | 3 |  3.1
Dodging        | 3 |  3.4

Action                   |  1- 3 |  4- 6 || total
-------------------------+-------+-------++-------
Melee: Hand axe          |    89 |    65 ||   154
       Headbutt          |    10 |     9 ||    19
       Punch             |     1 |       ||     1
Invok: Trog's Hand       |       |     2 ||     2
  Use: Scroll            |     6 |     2 ||     8
       Potion            |       |     2 ||     2
 Stab: Sleeping          |     3 |       ||     3
Armor: Animal skin       |    13 |       ||    13
       Leather armour    |       |    15 ||    15
Dodge: Dodged            |    45 |    33 ||    78
